Map: Deathaura LE

Players

SKillous - Winner!

  • Race: Protoss Protoss
  • League: Grandmaster
  • Spawn Location: 11:00

Geralt (Gerald)

  • Race: Protoss Protoss
  • League: Grandmaster
  • Spawn Location: 5:00

Event: DreamHack SC2 Masters 2020 Fall

VOD

Have the link to the VOD?

Description

Time

  • Played on: Sept. 2, 2020, 11:11 a.m.
  • Length: 9:20

All games in this series

Show
View Real Time Build Order
Export as new Build Order

SKillous Protoss - Winner!

Build Orders:  

Get SALT Encoding   

  12  0:00  Probe  
  13  0:12  Probe  
  14  0:18  Pylon  
  14  0:24  Probe (Chrono Boost)  
  15  0:37  Probe (Chrono Boost)  
  15  0:38  Gateway  
  16  0:45  Probe (Chrono Boost)  
  16  0:46  Assimilator  
  17  0:51  Probe  
  17  0:54  Assimilator  
  18  1:03  Probe (Chrono Boost)  
  19  1:09  Gateway  
  19  1:13  Probe (Chrono Boost)  
  20  1:19  Probe  
  20  1:25  Cybernetics Core  
  21  1:31  Probe  
  22  1:36  Pylon  
  22  1:43  Probe  
  23  1:56  Probe  
  24  2:01  Stalker x2  
  24  2:02  Warp Gate  
  28  2:11  Pylon  
  28  2:31  Stalker  
  28  2:32  Sentry  
  32  2:41  Robotics Facility  
  32  2:54  Probe  
  32  3:01  Nexus  
  32  3:03  Sentry  
  34  3:07  Probe  
  34  3:12  Pylon  
  35  3:19  Probe  
  36  3:33  Immortal (Chrono Boost)  
  40  3:36  Probe  
  40  3:49  Shield Battery  
  40  3:53  Sentry x2  
  40  3:55  Probe  
  44  4:09  Warp Prism (Chrono Boost)  
  44  4:18  Sentry  
  44  4:19  Stalker  
  48  4:24  Stalker x2 (Chrono Boost)  
  48  4:35  Gateway  
  48  4:39  Stalker  
  48  4:43  Stalker  
  52  5:04  Stalker x2  
  53  5:15  Shield Battery  
  40  5:33  Stalker x2  
  40  5:34  Stalker  
  30  6:30  Stalker  
  28  6:36  Stalker  
  28  6:55  Probe  
  29  7:13  Probe  
  26  7:34  Probe  
  27  7:46  Probe  
  28  8:01  Probe  
  29  8:13  Probe (Chrono Boost)  
  30  8:25  Probe (Chrono Boost)  
  31  8:35  Probe (Chrono Boost)  
  32  8:46  Probe  
  33  8:59  Probe  
Show
View Real Time Build Order
Export as new Build Order

Geralt Protoss 

Build Orders: Oracle Opening 

Get SALT Encoding   

  12  0:00  Probe  
  13  0:12  Probe  
  14  0:18  Pylon  
  14  0:25  Probe (Chrono Boost)  
  15  0:38  Gateway, Probe (Chrono Boost)  
  16  0:43  Probe (Chrono Boost)  
  16  0:45  Assimilator  
  17  0:52  Probe (Chrono Boost)  
  17  0:54  Assimilator  
  18  1:04  Probe (Chrono Boost)  
  18  1:10  Gateway  
  19  1:13  Probe (Chrono Boost)  
  20  1:18  Probe  
  21  1:25  Cybernetics Core  
  21  1:31  Probe  
  22  1:42  Pylon  
  22  1:43  Probe  
  23  2:00  Probe  
  24  2:01  Stalker x2  
  28  2:09  Stargate  
  28  2:13  Probe  
  29  2:17  Warp Gate  
  29  2:21  Pylon  
  29  2:25  Probe  
  30  2:38  Probe  
  30  2:49  Oracle (Chrono Boost)  
  33  2:58  Probe  
  33  3:03  Nexus  
  34  3:11  Probe, Pylon  
  35  3:27  Stalker x2  
  35  3:33  Shield Battery  
  39  3:48  Oracle (Chrono Boost)  
  39  3:53  Probe  
  43  3:58  Twilight Council  
  43  4:02  Forge  
  43  4:06  Probe  
  44  4:17  Probe  
  44  4:18  Probe  
  44  4:19  Pylon  
  46  4:26  Adept  
  46  4:27  Adept  
  46  4:29  Probe  
  51  4:32  Probe  
  51  4:34  Blink (Chrono Boost)  
  52  4:41  Probe (Chrono Boost)  
  55  4:53  Probe (Chrono Boost)  
  55  4:55  Probe (Chrono Boost)  
  55  4:59  Pylon  
  55  5:03  Probe (Chrono Boost)  
  57  5:09  Stalker x2  
  46  5:34  Sentry, Stalker  
  41  5:36  Shield Battery  
  41  5:37  Shield Battery  
  41  5:41  Pylon  
  37  5:54  Probe  
  38  5:58  Stalker  
  35  6:15  Pylon  
  17  6:32  Void Ray (Chrono Boost)  

Tags
 
Add a new tag
Caveats
  • Supply blocks, unpowered buildings, or Contaminate may cause inaccurate times.
  • Supply counts are checked every 10 seconds.